 Dungeon Crawl Stone Soup version 0.20-a0-738-gb057e68 (webtiles) character file.

454 KristoblXynda the Chopper (level 6, -11/48 HPs)
             Began as a Draconian Gladiator on Feb 23, 2017.
             Mangled by Pikel
             ... wielding a +1 whip of electrocution
              (18 damage)
             ... on level 4 of the Dungeon.
             The game lasted 00:09:07 (4149 turns).

KristoblXynda the Chopper (Draconian Gladiator)     Turns: 4149, Time: 00:09:08

Health: -11/48     AC:  7    Str: 14    XL:     6   Next: 76%
Magic:  6/6        EV: 14    Int:  8    God:
Gold:   198        SH:  0    Dex: 13    Spells: 5/5 levels left

rFire    + . .     SeeInvis .   a - +1 war axe
rCold    . . .     Gourm    .   (armour unavailable)
rNeg     . . .     Faith    .   (no shield)
rPois    .         Spirit   .   b - +1 hat
rElec    .         Reflect  .   (no cloak)
rCorr    .         Harm     .   (no gloves)
MR       .....                  (no boots)
Stlth    +.........             (no amulet)
Regen    0.2/turn               j - +1 ring of slaying
MPRegen  0.1/turn               e - ring of protection from fire

@: flying
A: unfitting armour, hooves 1, dopey 1, sense surroundings 1, weak 1,
cold-blooded, AC +6
a: no special abilities


You were on level 4 of the Dungeon.
You were not hungry.

You visited 1 branch of the dungeon, and saw 4 of its levels.
You also visited: Sewer.

You collected 198 gold pieces.

Inventory:

Hand Weapons
 a - a +1 war axe (weapon)
Missiles
 c - 3 throwing nets (quivered)
Armour
 b - a +1 hat (worn)
Jewellery
 e - a ring of protection from fire (left hand)
 j - a +1 ring of slaying (right hand)
Potions
 f - a potion of haste
 g - a potion of invisibility
 h - a potion of curing
 i - a potion of resistance
 l - 2 potions of cancellation
Comestibles
 d - 3 bread rations
 n - 2 meat rations


   Skills:
 - Level 2.1 Fighting
 * Level 6.5 Axes
 - Level 2.0 Throwing
 + Level 4.4 Dodging


You had 5 spell levels left.
You didn't know any spells.

Dungeon Overview and Level Annotations

Branches:
Dungeon (4/15)
 Temple: D:4-7

Altars:
Cheibriados
Elyvilon
Sif Muna
Xom

Annotations:
D:4 Pikel


Innate Abilities, Weirdness & Mutations

Your plain brown scales are hard. (AC +6)
You cannot fit into any form of body armour.
You are cold-blooded and may be slowed by cold attacks.
You have large cloven feet.
You are dopey. (Int -2)
You passively map a small area around you.
You are weak. (Str -2)


Message History

Pikel barely misses you.
You hit Pikel.
Pikel is lightly wounded.
Pikel misses you. Pikel barely misses you.
You slash Pikel!
Pikel is moderately wounded.
Pikel hits you with a whip of electrocution!
You slash Pikel!
Pikel is heavily wounded.
Pikel hits you with a whip of electrocution!
* * * LOW HITPOINT WARNING * * *
You barely miss Pikel. Your kick misses Pikel.
Pikel is heavily wounded.
Pikel misses you.
You slash Pikel! You kick Pikel.
Pikel is almost dead.
Pikel hits you with a whip of electrocution!
* * * LOW HITPOINT WARNING * * *
You are electrocuted!
You die...

#............ #.###########
#.#.......# #.#.#####.#
#.#.# #.# #.#.# #.# #.#.#
#.#
***############'#.#####.###
*>,.......@K...............
*,*###########......###..#.
*,,,,,,....................
*,*****####.##.........#...
*,,,,,,,,..,,####.##.......
****,,,...,,,* #.##...##..
*,,,._,,,,* #.##...###.
*,,,.,,,,,* #.##...# #.
*,,,,,,,,,####K####.# #.


You could see Pikel.

Vanquished Creatures
  4 slaves (D:4)
  A sky beast (D:4)
  A crocodile (Sewer)
  A scorpion (D:4)
  A howler monkey (D:4)
  Terence (D:2)
  3 gnolls (D:2)
  4 adders
  An ooze (D:1)
  An adder zombie (D:4)
  2 worms
  2 dart slugs
  5 leopard geckos
  An orc (D:3)
  16 bats
  4 giant cockroaches
  5 goblins
  7 hobgoblins
  3 jackals (D:3)
  3 quokkas (D:3)
  3 ball pythons
  2 frilled lizards
  14 kobolds
  A quokka skeleton (D:4)
  12 rats
98 creatures vanquished.

Notes
Turn   | Place    | Note
-------+----------+-------------------------------------------
     0 | D:1      | KristoblXynda the Draconian Gladiator began the quest for the Orb.
     0 | D:1      | Reached XP level 1. HP: 17/17 MP: 1/1
    79 | D:1      | Reached XP level 2. HP: 14/24 MP: 2/2
   505 | D:1      | Reached XP level 3. HP: 23/29 MP: 3/3
   629 | D:1      | Reached skill level 4 in Axes
  1001 | D:2      | Reached XP level 4. HP: 6/36 MP: 4/4
  1474 | D:2      | Noticed Terence
  1480 | D:2      | Killed Terence
  1933 | D:3      | Found a snail-covered altar of Cheibriados.
  1945 | D:3      | Reached skill level 5 in Axes
  2134 | D:3      | Reached XP level 5. HP: 41/41 MP: 5/5
  2485 | D:3      | Found a deep blue altar of Sif Muna.
  2715 | D:4      | Noticed a sky beast
  2756 | D:4      | Killed a sky beast
  2756 | D:4      | Reached skill level 6 in Axes
  2756 | D:4      | Reached XP level 6. HP: 24/48 MP: 6/6
  2831 | D:4      | Found a glowing drain.
  2845 | Sewer    | Entered a sewer
  2936 | Sewer    | Gained mutation: You are dopey. (Int -2) [potion of mutation]
  2936 | Sewer    | Gained mutation: You are weak. (Str -2) [potion of mutation]
  2936 | Sewer    | Gained mutation: You have large cloven feet. [potion of mutation]
  2936 | Sewer    | Gained mutation: You passively map a small area around you. [potion of mutation]
  3094 | D:4      | Noticed a slave
  3095 | D:4      | Noticed a slave
  3095 | D:4      | Noticed a slave
  3097 | D:4      | Noticed Pikel
  3123 | D:4      | Killed a slave
  3132 | D:4      | Killed a slave
  3141 | D:4      | Killed a slave
  3235 | D:4      | Noticed a slave
  3257 | D:4      | Killed a slave
  3596 | D:4      | HP: 2/48 [Pikel/whip of electrocution (4)]
  4127 | D:4      | Found a shimmering altar of Xom.
  4134 | D:4      | Found a white marble altar of Elyvilon.
  4149 | D:4      | Mangled by Pikel

Vault maps used:
D:1:      wheals_arrival_shading, minivault_4
D:2:      minmay_circled_x, uniq_terence
D:3:      lemuel_round_altar, lemuel_blue_sif_altar
D:4:      lemuel_coloured_pillars_altar, grunt_temple_overflow_open,
          portal_sewer_entry_b, first_bread, minivault_5, uniq_pikel
Sewer:    sewer_big_baddie

Skill      XL: |  1  2  3  4  5 |
---------------+----------------+-----
Throwing       | 2 |  2.0
Axes           | 4 5 6 |  6.5
Dodging        | 3 4 |  4.4
Fighting       | |  2.1

Action                   |  1- 3 |  4- 6 || total
-------------------------+-------+-------++-------
Melee: War axe           |    90 |   232 ||   322
       Tailslap          |    19 |    22 ||    41
       Kick              |       |    19 ||    19
  Use: Potion            |     1 |    10 ||    11
       Scroll            |       |    15 ||    15
  Eat: Chunk             |       |    10 ||    10
       Royal jelly       |       |     1 ||     1
Armor: Skin              |    34 |    75 ||   109
Dodge: Dodged            |    87 |   174 ||   261
